 Dungeon Crawl Stone Soup version 0.25-a0-1119-g28b6fd0c3b (webtiles) character file.

Game seed: 16748371109766154599, levelgen mode: deterministic

161 Gwenloh the Poker (level 5, -4/38 HPs)
             Began as a Merfolk Skald on May 17, 2020.
             Killed by nerve-wracking pain
             ... invoked by Grinder
              (8 damage)
             ... on level 3 of the Dungeon.
             The game lasted 00:12:16 (2968 turns).

Gwenloh the Poker (Merfolk Skald)                   Turns: 2968, Time: 00:12:17

Health: -4/38      AC:  4    Str: 11    XL:     5   Next: 42%
Magic:  6/8        EV: 14    Int: 13    God:
Gold:   154        SH:  0    Dex: 14    Spells: 3/8 levels left

rFire    . . .     SeeInvis .   a - +0 spear
rCold    . . .     Gourm    .   (no shield)
rNeg     . . .     Faith    .   b - +0 leather armour
rPois    +         Spirit   .   (no helmet)
rElec    .         Reflect  .   (no cloak)
rCorr    .         Harm     .   h - +0 pair of gloves
MR       .....                  (no boots)
Stlth    +.........             (no amulet)
HPRegen  0.12/turn              (no ring)
MPRegen  0.11/turn              r - ring of poison resistance

@: no status effects
A: change form in water, swift swim, stealthy swim
a: no special abilities


You were on level 3 of the Dungeon.
You were hungry.

You visited 1 branch of the dungeon, and saw 3 of its levels.

You collected 154 gold pieces.

Inventory:

Hand Weapons
 a - a +0 spear (weapon)
Missiles
 i - 85 stones (quivered)
Armour
 b - a +0 leather armour (worn)
 h - a +0 pair of gloves (worn)
 n - a cursed +0 cloak
Jewellery
 p - an uncursed ring of protection from fire
 r - a ring of poison resistance (right hand)
 s - an uncursed ring of protection from fire
Scrolls
 c - 2 scrolls of enchant weapon {unknown}
 j - a scroll of magic mapping {unknown}
 l - 2 scrolls of fear
 m - 3 scrolls of identify {unknown}
Potions
 e - a potion of invisibility {unknown}
 f - a potion of mutation {unknown}
 g - a potion of heal wounds {unknown}
 k - 3 potions of curing {unknown}
 o - a potion of lignification {unknown}
Comestibles
 d - 7 rations
 q - 6 chunks of flesh


   Skills:
 - Level 2.1 Fighting
 * Level 5.2 Polearms
 - Level 0.6 Armour
 * Level 4.8 Dodging
 - Level 2.0 Spellcasting
 * Level 4.1 Charms
 + Level 1.0 Translocations


You had 3 spell levels left.
You knew the following spells:

 Your Spells              Type           Power        Failure   Level  Hunger
a - Infusion              Chrm           ##..         6%          1    ##.....
b - Shroud of Golubria    Chrm/Tloc      #.....       19%         2    ###....
c - Song of Slaying       Chrm           ##......     10%         2    ###....

Your spell library contained the following spells:

 Spells                   Type           Power        Failure   Level  Hunger
 Ozocubu's Armour         Chrm/Ice       #.......     41%         3    ####...
 Spectral Weapon          Hex/Chrm       #.......     41%         3    ####...


Dungeon Overview and Level Annotations

Branches:
Dungeon (3/15)

Altars:
Ru

Annotations:
D:3 1 runed translucent door, Crazy Yiuf, Grinder


Message History

You are too injured to fight recklessly!
You are too injured to fight recklessly!
You are too injured to fight recklessly!
You hit Grinder but do no damage.
Grinder is lightly wounded.
Grinder gestures at you.
You shrug off the repeated paralysis!
You hit Grinder but do no damage.
Grinder is lightly wounded.
Grinder hits you.
You writhe in agony.
You barely miss Grinder.
Grinder is lightly wounded.
Grinder hits you.
* * * LOW HITPOINT WARNING * * *
You writhe in agony.
* * * LOW HITPOINT WARNING * * *
You hit Grinder but do no damage. Grinder gestures at you.
Pain shoots through your body!
You die...

#.>##.##.###..#
#..##.##.##...####
#..§..............
#.##.###.##...####
#(##.# #.###### #.
#(##.# #r# #.
#.##.# #.# #.
#5##.# #o#### #.
#@##.# #....# #.
#.##.# ####r# #.
#.##.# #.# ###.
#.# #r###... ..#
#.##..÷# ###
.######o......
....r...##...#
#######§###.##
####...###.#


You could see Grinder.

Vanquished Creatures
  5 adders
  4 gnolls (D:2)
  An ooze (D:3)
  2 worms
  A dart slug (D:2)
  A leopard gecko (D:3)
  3 orcs (D:3)
  A ball python (D:3)
  4 giant cockroaches
  3 goblins (D:1)
  6 hobgoblins
  7 kobolds
  2 quokkas
  9 bats
  8 frilled lizards
  12 rats
69 creatures vanquished.

Notes
Turn   | Place    | Note
-------+----------+-------------------------------------------
     0 | D:1      | Gwenloh the Merfolk Skald began the quest for the Orb.
     0 | D:1      | Reached XP level 1. HP: 16/16 MP: 3/3
   260 | D:1      | Reached XP level 2. HP: 21/22 MP: 5/5
   593 | D:1      | Reached skill level 4 in Polearms
   693 | D:1      | Reached XP level 3. HP: 23/27 MP: 6/6
   739 | D:1      | Learned a level 2 spell: Shroud of Golubria
   979 | D:2      | Found a faded altar of an unknown god.
  1157 | D:2      | Reached XP level 4. HP: 29/33 MP: 0/7
  1480 | D:2      | Found a sacrificial altar of Ru.
  2182 | D:3      | Learned a level 2 spell: Song of Slaying
  2285 | D:3      | Reached XP level 5. HP: 38/38 MP: 8/8
  2398 | D:3      | Found a runed translucent door.
  2399 | D:3      | Noticed Crazy Yiuf
  2437 | D:3      | Reached skill level 5 in Polearms
  2693 | D:3      | Reached skill level 1 in Translocations
  2892 | D:3      | Noticed Grinder
  2934 | D:3      | Paralysed by Grinder for 4 turns
  2940 | D:3      | Paralysed by Grinder for 7 turns
  2962 | D:3      | Paralysed by Grinder for 2 turns
  2968 | D:3      | Killed from afar by Grinder

Illustrated notes

Levels and vault maps discovered:
D:1:      sevenhm_arrival_forest_fort_large_1, layout_rooms, minmay_lizard_pond
D:2:      layout_basic, overflow_temple_1_default, first_ration,
          chequers_ecumenical_altar_simple_redux, grunt_ministairs_14,
          chequers_serial_rivers_micro_e
D:3:      layout_loops_ring, uniq_crazy_yiuf_cottage, uniq_grinder

Skill      XL: |  1  2  3  4  5 |
---------------+----------------+-----
Dodging        | 3 4 |  4.8
Polearms       | 4 5 |  5.2
Charms         | 4 |  4.1
Translocations | 1 |  1.0
Fighting       | |  2.1
Armour         | |  0.6
Spellcasting   | |  2.0

Action                   |  1- 3 |  4- 6 || total
-------------------------+-------+-------++-------
Melee: Spear             |   134 |   131 ||   265
       Tailslap          |     3 |       ||     3
Throw: Stone             |    46 |    60 ||   106
       Throwing net      |     3 |       ||     3
 Cast: Shroud of Golubri |     2 |     5 ||     7
       Infusion          |     1 |     5 ||     6
       Song of Slaying   |       |     2 ||     2
  Use: Scroll            |     3 |     1 ||     4
 Stab: Sleeping          |     2 |       ||     2
  Eat: Chunk             |     1 |     6 ||     7
Armor: Leather armour    |    28 |    18 ||    46
Dodge: Dodged            |    81 |    47 ||   128

Table legend:
 A = Non-vault XP
 B = Vault XP
 C = Vault XP percentage of total XP
 D = Non-vault monster count
 E = Vault monster count
 F = Vault count percentage of total count
                 A         B        C        D         E       F
            +---------+---------+-------+---------+---------+-------
      Total |     207 |      23 |  10.0 |      60 |       9 |  13.0
            +---------+---------+-------+---------+---------+-------
        D:1 |      31 |      10 |  24.4 |      21 |       8 |  27.6
        D:2 |      96 |      13 |  11.9 |      19 |       1 |   5.0
        D:3 |      80 |       0 |   0.0 |      20 |       0 |   0.0
            +---------+---------+-------+---------+---------+-------
